 Dungeon Crawl Stone Soup version 0.31.0 (webtiles) character file.

Game seed: 7703123587388297345

539 qw the Shooter (level 7, -7/43 HPs)
             Began as a Gargoyle Hunter on Jan 19, 2024.
             Was an Initiate of Okawaru.
             Killed from afar by a steam dragon (11 damage)
             ... with a ball of steam
             ... on level 5 of the Dungeon.
             The game lasted 00:00:18 (4131 turns).

qw the Shooter (Gargoyle Hunter)                    Turns: 4131, Time: 00:00:19

Health: -7/43      AC: 11    Str: 14    XL:     7   Next: 26%
Magic:  7/7        EV: 10    Int: 10    God:    Okawaru [......]
Gold:   195        SH:  0    Dex: 15    Spells: 6/6 levels left

rFire   . . .        a - +1 shortbow
rCold   . . .        (shield currently unavailable)
rNeg    + . .        h - +0 ring mail
rPois   inf          (no helmet)
rElec   +            (no cloak)
rCorr   .            (no gloves)
SInv    .            b - +0 pair of boots
Will    .....        (no amulet)
Stlth   +            (no ring)
HPRegen 0.27/turn    (no ring)
MPRegen 0.10/turn

%: no passive effects
@: about to teleport
A: sickness immunity, AC +4, negative energy resistance 1, electricity
resistance, torment resistance 1, petrification resistance
a: Renounce Religion


You were on level 5 of the Dungeon.
You worshipped Okawaru.
Okawaru was noncommittal.
You visited 2 branches of the dungeon, and saw 6 of its levels.

You collected 195 gold pieces.


Innate Abilities, Weirdness & Mutations

You are immune to sickness and miasma.
Your stone body is resilient. (AC +4)
You are immune to poison.
You resist negative energy. (rN+)
You are resistant to electric shocks. (rElec)
You are resistant to unholy torment.
You are immune to petrification.


   Skills:
 - Level 4.0 Fighting
 + Level 7.8 Ranged Weapons
 - Level 1.2 Armour
 - Level 1.5 Dodging
 - Level 1.1 Stealth


You had 6 spell levels left.
You didn't know any spells.
Your spell library was empty.

Inventory:

Hand Weapons
 a - a +1 shortbow (weapon)
Armour
 b - a +0 pair of boots (worn)
 h - a +0 ring mail (worn)
Potions
 c - 2 potions of resistance
 d - a potion of might
 e - a potion of mutation {unknown}
 f - a potion of degeneration {unknown}
 j - a potion of enlightenment {unknown}
 l - a potion of heal wounds {unknown}

Dungeon Overview and Level Annotations

Branches:
Dungeon (5/15)             Temple (1/1) D:5

Altars:
Ashenzari
Cheibriados
Elyvilon
Fedhas
Hepliaklqana
Kikubaaqudgha
Makhleb
Nemelex Xobeh
Okawaru
Qazlal
Ru
Sif Muna
Trog
Uskayaw
Vehumet
Zin
The Shining One

Shops:
D:1 (

Annotations:
D:3 1 runed translucent door, Crazy Yiuf


Message History

Enter note:
Enter note: You shoot an arrow.
The arrow hits the steam dragon.
The steam dragon is severely wounded.
The orc priest barely misses you.
The orc wizard is engulfed in a cloud of scalding steam.
The steam dragon breathes steam at you. The ball of steam misses you.
You shoot an arrow.
The arrow closely misses the steam dragon.
The arrow barely misses the orc.
The arrow closely misses the ice beast.
You are engulfed in a cloud of scalding steam.
The orc priest is engulfed in a cloud of scalding steam.
The orc priest closely misses you.
The orc wizard is engulfed in a cloud of scalding steam.
The orc wizard hits you but does no damage.
The steam dragon completely misses you. The steam dragon barely misses you. x2
The steam dragon claws you but does no damage.
The orc wizard is engulfed in a cloud of scalding steam.
The orc wizard hits you but does no damage.
The orc wizard mumbles some strange words.
The orc wizard flickers and vanishes!
Deactivating autopickup; reactivate with Ctrl-A.
The orc priest is engulfed in a cloud of scalding steam.
Autopickup is now on.
You shoot an arrow. The arrow hits the orc wizard.
You kill the orc wizard!
Okawaru accepts your kill.
You are engulfed in a cloud of scalding steam.
The orc priest invokes the aid of Beogh against you.
Pain shoots through your body! The steam dragon closely misses you.
The steam dragon claws you.
4131 ||| READING scroll of teleportation.
As you read the scroll of teleportation, it crumbles to dust.
You feel strangely unstable.
You are engulfed in a cloud of scalding steam.
The orc hits you with a +0 mace. The steam dragon breathes steam at you.
The ball of steam hits you!
You die...

.##............... ...
#................. ...
#.........)....... ...
#................. ...
#.................
####'##¤.......##.......
...........##########...
......$$........#.......
.....YD@.¤......#.......
......oo##......#.......
........##......#.......
........##......#.......
........###...#.........
..#...### #...#.........
. #... #...#.........
#... #...#...######
#...#####


You could see a steam dragon (catching breath), an ice beast, an orc priest and
an orc.

Vanquished Creatures
  A black bear (D:4)
  A scorpion (D:4)
  A hound (D:3)
  An orc priest (D:5)
  2 iguanas
  Terence (D:3)
  2 orc wizards
  A sleepcap (D:4)
  Natasha (twice) (D:3)
  6 adders
  A dart slug (D:2)
  3 ribbon worms
  5 orcs
  9 ball pythons
  7 endoplasms
  2 giant cockroaches (D:1)
  5 goblins
  3 hobgoblins
  14 jackals
  5 quokkas
  9 bats
  2 frilled lizards
  5 kobolds
  5 rats
93 creatures vanquished.

Vanquished Creatures (others)
  An orc wizard (D:5)
1 creature vanquished.

Grand Total: 94 creatures vanquished

Notes
Turn   | Place    | Note
-------+----------+-------------------------------------------
     0 | D:1      | qw the Gargoyle Hunter began the quest for the Orb.
     0 | D:1      | Reached XP level 1. HP: 12/12 MP: 1/1
     0 | D:1      | 0 ||| qw: Version: 0.3-a-132-g3d54051
     0 | D:1      | 0 ||| qw: Game counter: 46
     0 | D:1      | 0 ||| qw: Melee chars always use a shield: true
     0 | D:1      | 0 ||| qw: God list: Okawaru
     0 | D:1      | 0 ||| qw: Allow faded altars: false
     0 | D:1      | 0 ||| qw: Do Orc after clearing Dungeon:15 true
     0 | D:1      | 0 ||| qw: Do second Lair branch before Depths: true
     0 | D:1      | 0 ||| qw: Lair rune preference: random
     0 | D:1      | 0 ||| qw: Goals: Normal
     0 | D:1      | 0 ||| PLANNING D:1-11
    39 | D:1      | 39 ||| RETREEEEATING.
    46 | D:1      | Reached XP level 2. HP: 12/17 MP: 2/2
    84 | D:1      | Noticed a +0 triple sword
    86 | D:1      | Found Liphigit's Weapon Shop.
    90 | D:1      | Noticed a +0 bardiche
    99 | D:1      | 99 ||| SHOPLISTING +3 sling of freezing (275 gold, have 0).
   594 | D:1      | Reached XP level 3. HP: 21/21 MP: 3/3
  1032 | D:1      | 1032 ||| UPGRADING to +0 ring mail.
  1042 | D:1      | 1042 ||| DROPPING +0 leather armour.
  1043 | D:1      | 1043 ||| READING scroll labelled MAFYD QUCUOFF.
  1044 | D:1      | 1044 ||| DRINKING 2 viscous ruby potions.
  1148 | D:1      | 1148 ||| DROPPING scroll of butterflies.
  1149 | D:1      | 1149 ||| DROPPING potion of berserk rage.
  1197 | D:2      | 1197 ||| FLEEEEING.
  1228 | D:2      | Reached skill level 1 in Armour
  1255 | D:2      | Reached skill level 5 in Ranged Weapons
  1379 | D:2      | 1379 ||| FLEEEEING.
  1472 | D:2      | Reached XP level 4. HP: 27/27 MP: 4/4
  1534 | D:2      | Found a snail-covered altar of Cheibriados.
  1575 | D:2      | Reached skill level 3 in Fighting
  1819 | D:2      | 1819 ||| UPGRADING to +0 pair of boots.
  1824 | D:2      | 1824 ||| DROPPING amulet of magic regeneration.
  1825 | D:2      | 1825 ||| READING scroll labelled YZYS BOM SOKY.
  1825 | D:2      | 1825 ||| ENCHANTING +0 shortbow.
  1826 | D:2      | 1826 ||| READING scroll labelled XETACWUQIA.
  1826 | D:2      | 1826 ||| IDENTIFYING fizzy amethyst potion
  1827 | D:2      | 1827 ||| READING scroll labelled VUBBIWONT.
  1885 | D:3      | 1885 ||| FLEEEEING.
  1907 | D:3      | Found a stormy altar of Qazlal.
  1935 | D:3      | Noticed Natasha
  1938 | D:3      | Killed Natasha
  1962 | D:3      | Noticed Natasha
  1963 | D:3      | 1963 ||| FLEEEEING.
  1964 | D:3      | 1964 ||| FLEEEEING.
  1965 | D:3      | 1965 ||| FLEEEEING.
  1966 | D:3      | 1966 ||| FLEEEEING.
  1969 | D:3      | 1969 ||| FLEEEEING.
  1970 | D:3      | 1970 ||| FLEEEEING.
  1971 | D:3      | 1971 ||| FLEEEEING.
  1972 | D:3      | 1972 ||| FLEEEEING.
  2088 | D:3      | Reached XP level 5. HP: 32/32 MP: 5/5
  2170 | D:3      | 2170 ||| DROPPING +1 sling of freezing.
  2304 | D:3      | Reached skill level 6 in Ranged Weapons
  2479 | D:3      | Killed Natasha
  2552 | D:3      | Noticed Terence
  2563 | D:3      | Killed Terence
  2564 | D:3      | 2564 ||| FLEEEEING.
  2758 | D:3      | Found a runed translucent door.
  2759 | D:3      | Noticed Crazy Yiuf
  2880 | D:3      | 2880 ||| READING scroll of identify.
  2880 | D:3      | 2880 ||| IDENTIFYING cyan potion
  2881 | D:3      | 2881 ||| READING scroll labelled IROETZ ROIJEZY.
  2913 | D:3      | 2913 ||| DRINKING 3 fuming pink potions.
  2970 | D:4      | Reached XP level 6. HP: 38/38 MP: 6/6
  2979 | D:4      | Noticed a black bear
  2985 | D:4      | 2985 ||| RETREEEEATING.
  2986 | D:4      | 2986 ||| RETREEEEATING.
  2987 | D:4      | 2987 ||| RETREEEEATING.
  2988 | D:4      | 2988 ||| RETREEEEATING.
  2989 | D:4      | 2989 ||| RETREEEEATING.
  2990 | D:4      | 2990 ||| RETREEEEATING.
  2996 | D:4      | 2996 ||| RETREEEEATING.
  2997 | D:4      | 2997 ||| RETREEEEATING.
  3000 | D:4      | Killed a black bear
  3011 | D:4      | Reached skill level 7 in Ranged Weapons
  3011 | D:4      | 3011 ||| FLEEEEING.
  3253 | D:4      | 3253 ||| FLEEEEING.
  3358 | D:4      | Reached XP level 7. HP: 43/43 MP: 7/7
  3510 | D:4      | 3510 ||| FLEEEEING.
  3521 | D:4      | 3521 ||| FLEEEEING.
  3532 | D:4      | 3532 ||| FLEEEEING.
  3915 | D:4      | 3915 ||| DRINKING 2 purple potions.
  3916 | D:4      | 3916 ||| DRINKING 2 potions of curing.
  3916 | D:4      | 3916 ||| (to cure confusion)
  3917 | D:4      | 3917 ||| DROPPING potion of ambrosia.
  3922 | D:5      | Entered Level 5 of the Dungeon
  3922 | D:5      | Found a staircase to the Ecumenical Temple.
  3923 | D:5      | 3923 ||| PLANNING TEMPLE
  3925 | D:5      | 3925 ||| STAIRDANCE
  3927 | D:4      | 3927 ||| FLEEEEING.
  3971 | Temple   | Entered the Ecumenical Temple
  3972 | Temple   | 3972 ||| PLANNING OKAWARU WORSHIP
  3982 | Temple   | Became a worshipper of Warmaster Okawaru
  3983 | Temple   | 3983 ||| PLANNING D:1-11
  4113 | D:5      | Noticed a steam dragon
  4118 | D:5      | HP: 9/43 [steam dragon/ball of steam (26)]
  4119 | D:5      | 4119 ||| DRINKING potion of curing.
  4119 | D:5      | 4119 ||| (to cure confusion)
  4130 | D:5      | HP: 8/43 [steam dragon] (9)]
  4131 | D:5      | 4131 ||| READING scroll of teleportation.
  4131 | D:5      | Killed from afar by a steam dragon

Levels and vault maps discovered:
D:1:      dpeg_arrival_round_a, layout_basic, serial_curves, eino_curves_03,
          eino_curves_03, eino_curves_03, serial_shops, nicolae_shop_mannequins,
          chequers_serial_rivers_micro_d, st_stairs_1
D:2:      layout_basic, basic_altar, nicolae_the_louvre
D:3:      layout_basic, mainiacjoe_overflow_cross_hatched, uniq_terence,
          uniq_crazy_yiuf_cottage, uniq_natasha
D:4:      layout_basic, minmay_misc_feat_iff
D:5:      layout_basic, minmay_temple_entry_proselytizer
Temple:   eino_temple_rhombus

Skill      XL: |  1  2  3  4  5  6 |
---------------+-------------------+-----
Armour         | 1 |  1.2
Ranged Weapons | 5 6 7 |  7.8
Fighting       | 3 4 |  4.0
Dodging        | |  1.5
Stealth        | |  1.1

Action                     |  1- 3 |  4- 6 |  7- 9 || total
---------------------------+-------+-------+-------++-------
  Melee: Shortbow          |       |       |     2 ||     2
   Fire: Shortbow          |   110 |   180 |    76 ||   366
    Use: Scroll            |     1 |     5 |     1 ||     7
         Potion            |     1 |     1 |     3 ||     5
 Armour: Leather armour    |    24 |       |       ||    24
         Ring mail         |    23 |    89 |    66 ||   178
  Dodge: Dodged            |    48 |    65 |    32 ||   145

Table legend:
 A = Non-vault XP
 B = Vault XP
 C = Vault XP percentage of total XP
 D = Non-vault monster count
 E = Vault monster count
 F = Vault count percentage of total count
                 A         B        C        D         E       F
            +---------+---------+-------+---------+---------+-------
      Total |     653 |     117 |  15.2 |      88 |       5 |   5.4
            +---------+---------+-------+---------+---------+-------
        D:1 |      33 |       3 |   8.3 |      19 |       2 |   9.5
        D:2 |      58 |       0 |   0.0 |      19 |       0 |   0.0
        D:3 |     150 |      73 |  32.7 |      26 |       2 |   7.1
        D:4 |     370 |       0 |   0.0 |      21 |       0 |   0.0
        D:5 |      42 |      41 |  49.4 |       3 |       1 |  25.0
            +---------+---------+-------+---------+---------+-------
